 Dungeon Crawl Stone Soup version 0.31.0-11-ge490571c62 (webtiles) character file.

Game seed: 9998379728613246362

13247 Skeral the Martial Artist (level 11, 0/91 HPs)
             Began as a Demigod Shapeshifter on Jan 29, 2024.
             Succumbed to a killer bee's poison
             ... on level 11 of the Dungeon.
             The game lasted 00:41:36 (13750 turns).

Skeral the Martial Artist (Demigod Shapeshifter)   Turns: 13750, Time: 00:41:37

Health: 0/91       AC:  6    Str: 25    XL:     11   Next: 45%
Magic:  14/14      EV: 14    Int: 12    God:
Gold:   609        SH:  5    Dex: 21    Spells: 10/10 levels left

rFire   + .          .
                       - Unarmed
rCold   + + +        g - +0 buckler
rNeg    . . .        b - melded +0 steam dragon scales
rPois   .            C - +2 helmet
rElec   .            F - scarf {rC+ rF+}
rCorr   .            f - +0 pair of gloves
SInv    .            j - +1 pair of boots of the Centipede {rC++}
Will    +....        (no amulet)
Stlth   ++           S - +6 ring of strength
HPRegen 0.35/turn    (no ring)
MPRegen 0.14/turn

%: no passive effects
@: lethally poisoned (0 -> -8), maw-form
A: devouring maw, reduced hp, high MP 1, forlorn, divine attributes
a: Begin Untransformation


You were on level 11 of the Dungeon.
You were a creature with a mouth for a stomach.
You visited 3 branches of the dungeon, and saw 13 of its levels.
You also visited: Sewer.

You collected 609 gold pieces.


Innate Abilities, Weirdness & Mutations

You are a creature with a mouth for a stomach.
Your midsection houses a second, enormous mouth.
Your maximum health is decreased, since you lack skill for your form.
You have an increased reservoir of magic. (+10% MP)
You shall have no god before yourself.
Your divine heritage dramatically boosts your attributes as you level up.


   Skills:
 - Level 10.0 Fighting
 - Level 4.0 Dodging
 + Level 10.7 Unarmed Combat
 + Level 9.2 Shapeshifting


You had 10 spell levels left.
You didn't know any spells.
Your spell library contained the following spells:

 Spells                   Type           Power      Damage    Failure   Level
 Magic Dart               Conj           0%         1d3       38%         1
 Necrotise                Necr           0%         1d4       38%         1
 Sandblast                Erth           0%         2d4       38%         1
 Blink                    Tloc           0%         N/A       52%         2
 Call Imp                 Summ           0%         N/A       52%         2
 Passwall                 Erth           0%         N/A       77%         3
 Stone Arrow              Conj/Erth      0%         3d7       77%         3
 Vampiric Draining        Necr           0%         2d6       77%         3
 Animate Dead             Necr           0%         N/A       99%         4
 Brom's Barrelling Bould  Conj/Erth      0%         2d3       99%         4
 Martyr's Knell           Necr/Summ      0%         N/A       99%         4
 Borgnjor's Vile Clutch   Necr/Erth      0%         N/A       100%        5
 Curse of Agony           Necr           0%         N/A       100%        5
 Death Channel            Necr           0%         N/A       100%        6

Inventory:

Missiles
 a - 9 javelins
 e - 4 darts of dispersal {=f!f}
 i - 30 poisoned darts (quivered)
 H - 7 boomerangs
Armour
 b - +0 steam dragon scales (melded)
   (You took it off Maggie on level 8 of the Dungeon)
 f - a +0 pair of gloves (worn)
   (You found it on level 1 of the Dungeon)
 g - a +0 buckler (worn)
   (You found it on level 1 of the Dungeon)
 j - the +1 pair of boots of the Centipede (worn) {rC++}
   (You found it on level 2 of the Dungeon)

   rC++:      It greatly protects you from cold.
 C - a +2 helmet (worn)
   (You found it on level 6 of the Dungeon)
 F - a scarf of resistance (worn)
   (You found it on level 7 of the Dungeon)
 L - a +0 troll leather armour
   (You found it on level 9 of the Dungeon)
Jewellery
 G - an amulet of magic regeneration
   (You found it on level 7 of the Dungeon)
 S - a +6 ring of strength (left hand)
   (You found it on level 8 of the Dungeon)
Talismans
 d - a flux talisman
 x - a maw talisman (active)
   (You found it on level 5 of the Dungeon)
Wands
 B - a wand of flame (10)
   (You found it on level 6 of the Dungeon)
 D - a wand of digging (15)
   (You found it on level 7 of the Dungeon)
Scrolls
 c - a scroll of amnesia {unknown}
 k - a scroll of fog
 m - a scroll of silence {!r}
 o - a scroll of enchant armour
 p - a scroll of blinking {!r}
 y - a scroll of vulnerability {!r!r}
 z - a scroll of poison {!r}
 A - 2 scrolls of enchant weapon
 I - a scroll of revelation {unknown}
Potions
 l - 2 potions of brilliance
 q - 2 potions of attraction {!q}
 r - a potion of invisibility {unknown}
 t - a potion of might
 v - 2 potions of enlightenment
 E - a potion of degeneration {unknown}
 J - 3 potions of mutation {!q}
 M - a potion of cancellation {unknown}

Dungeon Overview and Level Annotations

Branches:
Dungeon (11/15) Zot: 26429  Temple (0/1) D:5            Lair (1/5) D:8 Zot: 5479
    Orc (1/2) D:9 Zot: 5998   Sewer (visited)

Annotations:
D:7 4 runed translucent doors
D:10 Sonja
Lair:1 3 runed translucent doors, Beischinu's ghost, journeyman MiFi
Orc:1 Erolcha

..##....##.......#
...............#.#
..##....##.....#.# #
.##....##....###.###.#
.#..##.#..##.....<...#
...##....##..####.####
...#..##.#...# #..#
.....##......###'######
..##.#..##..###.W)....#
.##....##..## #.#y#.###
.#..##.#..#####. .# ..
...##.........+. .# y#
...#......#####. .# #
....[..#### #. ##
.......# #. .......# ##
########


You could see a killer bee.


Message History

You start resting. 😕 HP[+14]
You regained 14 hp, and now have 85/90 hp.
Things that are here:
a +0 club; 3 stones 😕 HP[+1]
The kobold brigand shouts!
You hear a shout!
A kobold comes into view. It is wielding a +0 club. 😕 HP[+1]
The kobold brigand misses you.
You punch the kobold brigand! You bite the kobold brigand!
The kobold brigand hits you with a +0 dagger. 😕 HP[-3]
You take 3 damage, and now have 84/90 hp.
You barely miss the kobold brigand. You bite the kobold brigand!
You devour the kobold brigand!
You feel better.
You kill the kobold brigand!
The kobold closely misses you. 😎 HP[+6]
Your hp is fully restored (90).
You pummel the kobold!!
You kill the kobold!
You see here a +0 club.
i - 26 poisoned darts (gained 4)
You see here a +0 dagger.
h - the +4 mace "Nuumoch" {venom, *Rage rElec rN++ rCorr} You drop the +4 mace "Nuumoch" {venom, *Rage rElec rN++ rCorr}.
i - 27 poisoned darts (gained 1)
i - 29 poisoned darts (gained 2)
i - 30 poisoned darts (gained 1)
h - a scroll of identify {@r1}
As you read the scroll of identify {@r1}, it crumbles to dust.
y - a scroll of vulnerability
Found a stone staircase leading up.
You open the door.
A killer bee and a two-headed ogre come into view.
The two-headed ogre shouts in stereo!
You hear an angry buzzing noise. x2
You hear a shout!
A killer bee comes into view.
The killer bee moves out of view.
There is an open door here.
You closely miss the two-headed ogre.
You bite the two-headed ogre, but do no damage.
The two-headed ogre barely misses you. The two-headed ogre closely misses you.
The killer bee completely misses you.
You hit the two-headed ogre. You block the killer bee's attack.
The killer bee stings you but does no damage.
The two-headed ogre closely misses you.
The two-headed ogre hits you with a +0 giant club! 😕 HP[-10]
You take 10 damage, and now have 80/90 hp.
You hit the two-headed ogre. You bite the two-headed ogre!
The killer bee barely misses you.
You barely miss the two-headed ogre.
You bite the two-headed ogre, but do no damage.
The killer bee barely misses you. You block the killer bee's attack.
The two-headed ogre hits you with a +0 giant spiked club!!
You block the two-headed ogre's attack. 😮 HP[-19]
You take 19 damage, and now have 61/90 hp.
MASSIVE DAMAGE!! (PAUSE)
You hit the two-headed ogre. You bite the two-headed ogre.
You block the killer bee's attack.
The killer bee barely misses you. 😮 HP[+1]
You barely miss the two-headed ogre. The killer bee misses you.
The two-headed ogre hits you with a +0 giant spiked club.
The two-headed ogre hits you with a +0 giant club!!
* * * LOW HITPOINT WARNING * * *
😨 HP[-26]
You take 26 damage, and now have 36/90 hp.
MASSIVE DAMAGE!! (PAUSE)
You hit the two-headed ogre but do no damage.
You bite the two-headed ogre. The killer bee completely misses you.
The killer bee closely misses you.
You hit the two-headed ogre.
You bite the two-headed ogre, but do no damage.
You block the killer bee's attack. The two-headed ogre barely misses you.
The two-headed ogre hits you with a +0 giant club!!
* * * LOW HITPOINT WARNING * * *
The killer bee stings you.
* * * LOW HITPOINT WARNING * * *
😱 HP[-24]
You take 24 damage, and now have 12/90 hp.
MASSIVE DAMAGE!! (PAUSE)
You barely miss the two-headed ogre. The killer bee closely misses you.
You punch the two-headed ogre! You bite the two-headed ogre.
You kill the two-headed ogre!
The killer bee stings you.
* * * LOW HITPOINT WARNING * * *
The killer bee stings you.
* * * LOW HITPOINT WARNING * * *
You are lethally poisoned!
The killer bee poisons you! 😱 HP[-10]
You now have 91 max hp (+1).
You take 10 damage, and now have 2/91 hp.
Okay, then.
Unknown command.
You punch the killer bee! Your bite misses the killer bee.
You die...

Skill      XL: |  1  2  3  4  5  6  7  8  9 10 11 |
---------------+----------------------------------+-----
Fighting       | 1 2 3 4 5 6 8 9 10 | 10.0
Unarmed Combat | 3 4 5 6 7 8 9 10 | 10.7
Shapeshifting  | 3 4 5 6 7 8 9 |  9.2
Dodging        | 4 |  4.0

Action                     |  1- 3 |  4- 6 |  7- 9 | 10-12 || total
---------------------------+-------+-------+-------+-------++-------
  Melee: Unarmed           |   166 |   204 |   409 |   328 ||  1107
         Punch             |     1 |       |       |       ||     1
         Maw               |       |       |       |    27 ||    27
  Throw: Dart              |       |     9 |     8 |    12 ||    29
  Evoke: Wand              |       |       |     3 |       ||     3
    Use: Potion            |       |     3 |     4 |     7 ||    14
         Scroll            |       |       |       |    14 ||    14
   Stab: Sleeping          |     1 |     1 |       |       ||     2
 Armour: Animal skin       |    64 |    83 |    32 |       ||   179
         Skin              |       |    36 |   140 |   217 ||   393
  Dodge: Dodged            |    70 |    74 |   221 |   278 ||   643
  Block: Buckler           |    15 |    31 |    13 |    27 ||    86
   Form: Flux              |       |       |     3 |       ||     3
                           |       |       |     1 |       ||     1
         Maw               |       |       |     1 |     1 ||     2
         Beast             |       |       |     1 |       ||     1

Levels and vault maps discovered:
D:1:      dpeg_arrival_ratfight, layout_rooms
D:2:      layout_basic, hellmonk_ecumenical_altar_watching_god
D:3:      layout_rooms, mainiacjoe_overflow_chevrons, kennysheep_generic_room_4
D:4:      layout_rooms, nicolae_ru_the_path_less_chosen
D:5:      layout_loops_ring, tgw_kikubaaqudgha, old_standard_altar,
          minmay_temple_entry_waves, portal_sewer_entry_a, dk_vineyard_2
D:6:      cheibrodos_quashed, layout_loops_cross
D:7:      layout_rooms, chequers_serial_rivers_room_b,
          minmay_hollow_rounded_squares
D:8:      layout_loops_ring, mainiacjoe_overflow_cross_hatched,
          lair_entry_dummy, uniq_maggie
D:9:      layout_stronghold, nicolae_overflow_hidden_temple,
          minmay_orc_entry_temple_small
D:10:     layout_roguey, mainiacjoe_overflow_boulevard, uniq_sonja, uniq_joseph
D:11:     layout_roguey, nicolae_wwwww
Lair:1:   layout_gridlike, gammafunk_ghost_icy, st_stairs_9,
          infiniplex_staircase_pool_2, serial_bayou_shore_b
Orc:1:    layout_caves, serial_shops, nicolae_square_shop, uniq_nergalle,
          uniq_erolcha

Notes
Turn   | Place    | Note
-------+----------+-------------------------------------------
     0 | D:1      | Skeral the Demigod Shapeshifter began the quest for the
                  | Orb.
     0 | D:1      | Reached XP level 1. HP: 15/15 MP: 3/3
     0 | D:1      | magus.rc [v1.10.3]
    16 | D:1      | Reached skill level 1 in Fighting
   142 | D:1      | Reached skill level 3 in Unarmed Combat
   174 | D:1      | Reached XP level 2. HP: 22/23 MP: 4/4
   190 | D:1      | HP: 5/23 [hobgoblin (3)]
   514 | D:1      | Reached skill level 2 in Fighting
   600 | D:1      | Reached XP level 3. HP: 24/29 MP: 5/5
   993 | D:2      | Noticed a golden eye
   996 | D:2      | Noticed a great orb of eyes
   996 | D:2      | Noticed a great orb of eyes
   996 | D:2      | Noticed an eye of devastation
  1008 | D:2      | Identified the +1 pair of boots of the Centipede {rC++}
  1879 | D:3      | Reached XP level 4. HP: 35/37 MP: 6/6
  1888 | D:3      | You pick up a book of Unlife and begin reading...
  1888 | D:3      | You add the spells Animate Dead, Borgnjor's Vile Clutch and
                  | Death Channel to your library.
  1964 | D:3      | HP: 9/37 [poisoned by an adder]
  2304 | D:3      | Reached skill level 3 in Shapeshifting
  2356 | D:3      | Reached skill level 3 in Fighting
  2356 | D:3      | Reached skill level 4 in Unarmed Combat
  2657 | D:3      | HP: 9/38 [orc wizard/+0 dagger (2)]
  2662 | D:3      | Reached XP level 5. HP: 17/45 MP: 7/7
  3614 | D:5      | Entered Level 5 of the Dungeon
  3714 | D:5      | Noticed an ogre
  3721 | D:5      | Noticed an ogre
  3724 | D:5      | Killed an ogre
  3725 | D:5      | Reached XP level 6. HP: 52/52 MP: 8/8
  3733 | D:5      | Reached skill level 4 in Fighting
  3733 | D:5      | Reached skill level 4 in Shapeshifting
  3752 | D:5      | Found a staircase to the Ecumenical Temple.
  3752 | D:5      | Noticed a water moccasin
  3773 | D:5      | Reached skill level 5 in Unarmed Combat
  3903 | D:5      | Killed a water moccasin
  3904 | D:5      | Reached XP level 7. HP: 29/60 MP: 9/9
  3935 | D:5      | Found a glowing drain.
  4012 | Sewer    | Entered a sewer
  4533 | Sewer    | HP: 14/60 [kobold brigand/+0 short sword (5)]
  4971 | D:5      | Found the +5 Force Lance {heavy, knockback}
  5112 | D:5      | Noticed a human
  5113 | D:5      | magus.rc [v1.10.3]
  5114 | D:5      | Killed a human
  5195 | D:5      | You pick up a book of Minor Magic and begin reading...
  5195 | D:5      | You add the spells Magic Dart, Blink and Call Imp to your
                  | library.
  5402 | D:5      | Reached skill level 5 in Fighting
  5644 | D:6      | Reached skill level 5 in Shapeshifting
  5947 | D:6      | Reached skill level 6 in Unarmed Combat
  5947 | D:6      | Reached XP level 8. HP: 32/69 MP: 10/10
  6312 | D:7      | You pick up a book of Geomancy and begin reading...
  6312 | D:7      | You add the spells Sandblast, Passwall, Stone Arrow and
                  | Brom's Barrelling Boulder to your library.
  6546 | D:7      | Reached skill level 6 in Fighting
  6682 | D:7      | You pick up a book of Necromancy and begin reading...
  6682 | D:7      | You add the spells Necrotise, Vampiric Draining, Martyr's
                  | Knell and Curse of Agony to your library.
  6703 | D:7      | You fall into a shaft and drop 1 floor!
  6750 | D:8      | Found a staircase to the Lair.
  6802 | D:8      | Noticed a two-headed ogre
  6836 | D:7      | Found a large runed translucent door.
  6837 | D:7      | Found a large runed translucent door.
  6848 | D:7      | Noticed a deep elf pyromancer
  6890 | D:7      | Found a large runed translucent door.
  6890 | D:7      | Found a large runed translucent door.
  6957 | D:7      | HP: 7/63 [wraith (10)]
  6966 | D:7      | Reached skill level 6 in Shapeshifting
  7367 | D:7      | Reached skill level 7 in Unarmed Combat
  7880 | D:8      | Reached XP level 9. HP: 67/78 MP: 11/11
  7942 | D:8      | Killed a two-headed ogre
  7943 | D:8      | Reached skill level 7 in Fighting
  7943 | D:8      | Reached skill level 2 in Dodging
  7967 | D:8      | HP: 18/76 [something (2)]
  7975 | D:8      | Reached skill level 3 in Dodging
  8043 | D:8      | Noticed Maggie
  8202 | D:8      | Killed Maggie
  8495 | D:8      | Reached skill level 8 in Unarmed Combat
  8495 | D:8      | Reached skill level 7 in Shapeshifting
  8688 | D:8      | Reached skill level 4 in Dodging
  8849 | D:8      | Reached skill level 8 in Fighting
  8852 | D:8      | Reached XP level 10. HP: 71/88 MP: 13/13
  9527 | D:9      | Found a staircase to the Orcish Mines.
 10067 | D:9      | Reached skill level 9 in Unarmed Combat
 10644 | D:10     | Entered Level 10 of the Dungeon
 10933 | D:10     | Reached skill level 9 in Fighting
 11065 | D:10     | Noticed a two-headed ogre
 11068 | D:10     | Noticed Joseph
 11071 | D:10     | Killed a two-headed ogre
 11086 | D:10     | Killed Joseph
 11087 | D:10     | Reached skill level 8 in Shapeshifting
 11699 | D:10     | Noticed Sonja
 11711 | D:10     | HP: 16/91 [Sonja/+2 dagger of distortion (17)]
 11719 | D:10     | HP: 20/91 [Sonja/+2 dagger of distortion (20)]
 11726 | D:10     | HP: 21/91 [vampire mosquito (7)]
 12036 | Lair:1   | Entered Level 1 of the Lair of Beasts
 12162 | Lair:1   | Found a runed translucent gate.
 12163 | Lair:1   | Found a runed translucent gate.
 12164 | Lair:1   | Found a runed translucent gate.
 12165 | Lair:1   | Noticed a torpor snail
 12172 | Lair:1   | Noticed an ice dragon
 12174 | Lair:1   | Noticed Beischinu's ghost (journeyman MiFi)
 12184 | Lair:1   | HP: 21/91 [yak[a torpor snail] (15)]
 12188 | Lair:1   | Killed a torpor snail
 12189 | Lair:1   | Reached XP level 11. HP: 30/97 MP: 14/14
 12189 | Lair:1   | HP: 24/145 [yak[a torpor snail] (7)]
 12194 | Lair:1   | HP: 11/145 [yak[a torpor snail] (12)]
 12197 | Lair:1   | HP: 3/145 [yak[a torpor snail] (9)]
 12202 | Lair:1   | HP: 4/148 [yak[a torpor snail] (1)]
 12526 | Lair:1   | Reached skill level 10 in Unarmed Combat
 12559 | Lair:1   | HP: 10/84 [cane toad (14)]
 12904 | D:8      | HP: 21/85 [wolf (9)]
 13147 | Orc:1    | Entered Level 1 of the Orcish Mines
 13147 | Orc:1    | Noticed Erolcha
 13227 | D:11     | Noticed a boulder beetle
 13241 | D:11     | Killed a boulder beetle
 13242 | D:11     | Reached skill level 10 in Fighting
 13394 | D:11     | Identified the +4 mace "Nuumoch" {venom, *Rage rElec rN++
                  | rCorr}
 13394 | D:11     | Noticed a boulder beetle
 13422 | D:11     | Killed a boulder beetle
 13423 | D:11     | Reached skill level 9 in Shapeshifting
 13738 | D:11     | Noticed a two-headed ogre
 13747 | D:11     | HP: 15/90 [two-headed ogre/+0 giant spiked club (22)]
 13749 | D:11     | Killed a two-headed ogre
 13749 | D:11     | HP: 6/90 [killer bee (6)]
 13749 | D:11     | HP: 2/90 [killer bee (4)]
 13750 | D:11     | Succumbed to a killer bee's poison

Vanquished Creatures
  2 boulder beetles (D:11)
  3 two-headed ogres
  Joseph (D:10)
  A gargoyle (D:11)
  2 cane toads (Lair:1)
  A torpor snail (Lair:1)
  Maggie (D:8)
  A komodo dragon (D:10)
  2 trolls
  A shadow (D:11)
  A vampire (D:11)
  A wraith (D:7)
  15 yaks
  A basilisk (Lair:1)
  A steam dragon (D:7)
  7 vampire mosquitoes
  3 water moccasins
  A sky beast (D:6)
  7 orc warriors
  A centaur (D:8)
  3 ogres
  3 wolves (D:8)
  4 kobold brigands
  2 phantoms
  5 bullfrogs
  5 wights
  6 killer bees (D:9)
  5 howler monkeys
  2 bombardier beetles
  A hound (D:5)
  2 jellies
  3 orc priests
  3 gnoll boudas
  A sleepcap (D:7)
  3 iguanas
  13 orc wizards
  7 adders
  13 gnolls
  A river rat (Sewer)
  A shadow imp (D:7)
  3 white imps
  2 dart slugs (D:2)
  A ribbon worm (D:5)
  38 orcs
  7 endoplasms
  2 giant cockroaches
  7 goblins
  8 hobgoblins
  10 jackals
  4 quokkas
  9 ball pythons
  4 bats
  3 frilled lizards (D:1)
  10 kobolds
  17 rats
261 creatures vanquished.

Vanquished Creatures (others)
  A human (D:5)
1 creature vanquished.

Grand Total: 262 creatures vanquished

Table legend:
 A = Non-vault XP
 B = Vault XP
 C = Vault XP percentage of total XP
 D = Non-vault monster count
 E = Vault monster count
 F = Vault count percentage of total count
                 A         B        C        D         E       F
            +---------+---------+-------+---------+---------+-------
      Total |   16873 |    2052 |  10.8 |     222 |      39 |  14.9
            +---------+---------+-------+---------+---------+-------
        D:1 |      51 |       5 |   8.9 |      31 |       5 |  13.9
        D:2 |      58 |       0 |   0.0 |      17 |       0 |   0.0
        D:3 |     147 |       4 |   2.6 |      24 |       2 |   7.7
        D:4 |     175 |       0 |   0.0 |      14 |       0 |   0.0
        D:5 |     700 |       2 |   0.3 |      11 |       2 |  15.4
        D:6 |     571 |       0 |   0.0 |      12 |       0 |   0.0
        D:7 |     600 |     588 |  49.5 |      19 |       9 |  32.1
        D:8 |    3712 |     389 |   9.5 |      26 |       1 |   3.7
        D:9 |    2115 |     366 |  14.8 |      35 |       9 |  20.5
       D:10 |    2690 |     471 |  14.9 |      12 |       1 |   7.7
       D:11 |    3424 |       0 |   0.0 |      11 |       0 |   0.0
     Lair:1 |    2630 |       0 |   0.0 |      10 |       0 |   0.0
      Sewer |       0 |     227 | 100.0 |       0 |      10 | 100.0
            +---------+---------+-------+---------+---------+-------

Skill      XL: |  1  2  3  4  5  6  7  8  9 10 11 |
---------------+----------------------------------+-----
Fighting       | 1 2 3 4 5 6 8 9 10 | 10.0
Unarmed Combat | 3 4 5 6 7 8 9 10 | 10.7
Shapeshifting  | 3 4 5 6 7 8 9 |  9.2
Dodging        | 4 |  4.0

Action                     |  1- 3 |  4- 6 |  7- 9 | 10-12 || total
---------------------------+-------+-------+-------+-------++-------
  Melee: Unarmed           |   166 |   204 |   409 |   328 ||  1107
         Punch             |     1 |       |       |       ||     1
         Maw               |       |       |       |    27 ||    27
  Throw: Dart              |       |     9 |     8 |    12 ||    29
  Evoke: Wand              |       |       |     3 |       ||     3
    Use: Potion            |       |     3 |     4 |     7 ||    14
         Scroll            |       |       |       |    14 ||    14
   Stab: Sleeping          |     1 |     1 |       |       ||     2
 Armour: Animal skin       |    64 |    83 |    32 |       ||   179
         Skin              |       |    36 |   140 |   217 ||   393
  Dodge: Dodged            |    70 |    74 |   221 |   278 ||   643
  Block: Buckler           |    15 |    31 |    13 |    27 ||    86
   Form: Flux              |       |       |     3 |       ||     3
                           |       |       |     1 |       ||     1
         Maw               |       |       |     1 |     1 ||     2
         Beast             |       |       |     1 |       ||     1

Illustrated notes

Table legend:
 A = Kills in this place as a percentage of kills in the entire game.
 B = Kills by you in this place as a percentage of kills by you in the entire game.
 C = Kills by friends in this place as a percentage of kills by friends in the entire game.
 D = Other kills in this place as a percentage of other kills in the entire game.
 E = Experience gained in this place as a percentage of experience gained in the entire game.
 F = Experience gained in this place divided by the number of levels of this place that you have seen.
                   A       B       C       D       E      F
               +-------+-------+-------+-------+-------+----------------------
         Total | 100.0 | 100.0 |   N/A |   N/A | 100.0 | 1351.8
       Dungeon |  92.3 |  92.3 |   N/A |   N/A |  84.9 | 1460.7
          Lair |   3.8 |   3.8 |   N/A |   N/A |  13.9 | 2630.0
         Sewer |   3.8 |   3.8 |   N/A |   N/A |   1.2 | 227.0
               +-------+-------+-------+-------+-------+----------------------

Table legend: (Time is in decaauts)
 A = Elapsed time spent in this place.
 B = Non-inter-level travel time spent in this place.
 C = Inter-level travel time spent in this place.
 D = Time resting spent in this place.
 E = Time spent auto-exploring this place.
 F = Levels seen in this place.
 G = Mean time per level.
                   A        B        C        D        E       F      G
               +--------+--------+--------+--------+--------+-----+--------+
         Total |  13770 |  13165 |    605 |   4387 |   3582 |  14 |  983.6 |
       Dungeon |  12333 |  11729 |    604 |   3756 |   3480 |  11 | 1121.2 |
          Lair |    520 |    520 |      0 |    207 |      0 |   1 |  520.0 |
  Orcish Mines |      1 |      1 |      0 |      0 |      0 |   1 |    1.0 |
         Sewer |    914 |    914 |      0 |    424 |    101 |   1 |  914.0 |
               +--------+--------+--------+--------+--------+-----+--------+

Top non-repeatable levels by time:
     D:9: 1940 daAuts
     D:8: 1861 daAuts
     D:7: 1519 daAuts
     D:2: 1093 daAuts
     D:5: 970 daAuts
   Sewer: 914 daAuts
     D:6: 897 daAuts
    D:10: 893 daAuts
     D:3: 885 daAuts
     D:4: 866 daAuts
     D:1: 834 daAuts
    D:11: 571 daAuts
  Lair:1: 520 daAuts
   Orc:1: 1 daAuts
